 Dungeon Crawl Stone Soup version 0.29-a0-775-g4d7333d4e2 (webtiles) character file.

Game seed: 17467158013810557622

599 crusatyr the Cleaver (level 7, -9/52 HPs)
             Began as a Human Berserker on July 2, 2022.
             Was a Believer of Trog.
             Mangled by an orc warrior
             ... wielding a +0 glaive
              (10 damage)
             ... on level 5 of the Dungeon.
             The game lasted 00:06:06 (4445 turns).

crusatyr the Cleaver (Human Berserker)              Turns: 4445, Time: 00:06:07

Health: -9/52      AC: 10    Str: 20    XL:     7   Next: 68%
Magic:  0/7        EV:  8    Int:  7    God:    Trog [**....]
Gold:   166        SH:  0    Dex: 12    Spells: 6/6 levels left

rFire   . . .      SeeInvis .   a - +1 hand axe
rCold   + . .      Faith    .   (no shield)
rNeg    . . .      Spirit   +   c - +0 chain mail
rPois   +          Reflect  .   w - +0 helmet
rElec   .          Harm     .   (no cloak)
rCorr   .          Rampage  .   (no gloves)
Will    ++...                   i - +0 pair of boots
Stlth   ..........              u - amulet of guardian spirit
HPRegen 1.17/turn               d - ring of poison resistance
MPRegen 0.10/turn               t - ring of protection from cold

@: lethally poisoned (-9 -> -9), strong-willed, on berserk cooldown,
regenerating, slowed, very slow
A: no striking features
a: Renounce Religion, Berserk, Trog's Hand


You were on level 5 of the Dungeon.
You worshipped Trog.
Trog was pleased with you.
You visited 1 branch of the dungeon, and saw 5 of its levels.

You collected 166 gold pieces.

Inventory:

Hand Weapons
 a - a +1 hand axe (weapon)
 e - a +0 mace
Missiles
 h - 43 stones (quivered)
Armour
 c - a +0 chain mail (worn)
 i - a +0 pair of boots (worn)
 w - a +0 helmet (worn)
Jewellery
 d - a ring of poison resistance (left hand)
 t - a ring of protection from cold (right hand)
 u - an amulet of guardian spirit (around neck)
Wands
 q - a wand of charming (10)
 r - a wand of light (5)
Scrolls
 b - a scroll of enchant weapon
 g - a scroll of identify
 o - a scroll of summoning
Potions
 f - a potion of flight
 k - 2 potions of heal wounds
 l - 4 potions of curing
 m - 2 potions of ambrosia
 n - 2 potions of might
 x - a potion of lignification


   Skills:
 - Level 3.0 Fighting
 + Level 8.3 Axes
 - Level 2.0 Armour
 - Level 2.0 Dodging


You had 6 spell levels left.
You didn't know any spells.
Your spell library was empty.

Dungeon Overview and Level Annotations

Branches:
Dungeon (5/15)
 Temple: D:4-7

Altars:
Elyvilon


Message History

You hit the orc warrior but do no damage.
You feel sick. The orc warrior completely misses you.
The water moccasin bites you but does no damage.
You slash the water moccasin!
The water moccasin is almost dead.
You barely miss the orc warrior.
You feel sick. The water moccasin closely misses you.
The orc warrior hits you but does no damage.
You closely miss the water moccasin.
The water moccasin is almost dead.
The orc shouts!
You hit the orc warrior.
You feel sick.
You hear an angry hiss.
The water moccasin closely misses you.
You hit the water moccasin.
You kill the water moccasin!
Trog accepts your kill.
You closely miss the orc warrior.
You feel sick. The orc warrior barely misses you.
Your Axes skill increases to level 8!
You barely miss the orc warrior.
The orc warrior is severely wounded.
You hit the orc.
You are no longer berserk.
You are exhausted.
You feel yourself slow down.
You feel sick.
The orc warrior attacks as you move away!
The orc warrior hits you but does no damage.
You feel sick.
The orc warrior hits you from afar with a +0 glaive!
* * * LOW HITPOINT WARNING * * *
The orc hits you but does no damage.
The orc warrior hits you from afar with a +0 glaive.
* * * LOW HITPOINT WARNING * * *
Your skin crawls.
You feel strong-willed.
* * * LOW HITPOINT WARNING * * *
You feel sick.
The orc warrior hits you from afar with a +0 glaive!
You die...

##.#.. ####....
#.#....# #...#..#
####...#..# #
#.....##..# ####...
###.##..#...###.......
#...#....<..oo@.#
#......##o####
#.##.#.##...
####.#..#..#..
o....#..# ##
.S........
#....##.##.. ...... ..
.. ≈..o#$# ##.


You could see an orc warrior and 2 orcs.

Vanquished Creatures
  A water moccasin (D:5)
  A black bear (D:4)
  A phantom (D:4)
  A howler monkey (D:4)
  A jelly (D:4)
  An orc priest (D:3)
  Natasha (thrice) (D:3)
  An orc wizard (D:3)
  2 adders
  An ufetubus (D:4)
  5 worms
  5 dart slugs
  3 orcs (D:3)
  7 endoplasms
  3 giant cockroaches
  5 goblins
  7 hobgoblins
  3 jackals (D:2)
  5 quokkas
  9 ball pythons
  7 bats
  2 frilled lizards
  6 kobolds
  6 rats
86 creatures vanquished.

Vanquished Creatures (others)
  A plant (D:3)
1 creature vanquished.

Grand Total: 87 creatures vanquished

Notes
Turn   | Place    | Note
-------+----------+-------------------------------------------
     0 | D:1      | crusatyr the Human Berserker began the quest for the Orb.
     0 | D:1      | Reached XP level 1. HP: 18/18 MP: 1/1
   294 | D:1      | Reached XP level 2. HP: 24/24 MP: 2/2
   575 | D:1      | Reached skill level 4 in Axes
   575 | D:1      | Reached XP level 3. HP: 29/29 MP: 3/3
   618 | D:1      | Found a faded altar of an unknown god.
   698 | D:1      | Reached ** piety under Trog
  1150 | D:2      | Reached XP level 4. HP: 35/35 MP: 4/4
  2012 | D:3      | Reached skill level 5 in Axes
  2445 | D:3      | Noticed Natasha
  2452 | D:3      | Killed Natasha
  2453 | D:3      | Reached XP level 5. HP: 41/41 MP: 5/5
  2640 | D:3      | Found a white marble altar of Elyvilon.
  2804 | D:3      | Noticed Natasha
  2814 | D:3      | Killed Natasha
  2842 | D:3      | Noticed Natasha
  2937 | D:3      | Killed Natasha
  2938 | D:3      | Reached skill level 6 in Axes
  3274 | D:3      | Reached XP level 6. HP: 33/47 MP: 6/6
  3558 | D:4      | Noticed a black bear
  3565 | D:4      | Killed a black bear
  3566 | D:4      | Reached skill level 7 in Axes
  3705 | D:4      | Reached *** piety under Trog
  3721 | D:4      | Reached XP level 7. HP: 47/52 MP: 7/7
  4370 | D:5      | Entered Level 5 of the Dungeon
  4426 | D:5      | Noticed a water moccasin
  4442 | D:5      | Killed a water moccasin
  4443 | D:5      | Reached skill level 8 in Axes
  4444 | D:5      | HP: 1/52 [orc warrior/+0 glaive (3)]
  4445 | D:5      | Mangled by an orc warrior

Illustrated notes

Levels and vault maps discovered:
D:1:      ncdulo_wetmaze, layout_loops_ring, ebering_ecumenical_altar_mist
D:2:      minmay_chambers_of_ones, layout_rooms, nicolae_hexahallways,
          uniq_crazy_yiuf_cottage
D:3:      layout_loops_ring, elyvilon_altar_5, nicolae_eternal_life,
          minivault_23, chequers_arboretum, serial_bayou_pond_a,
          minmay_surrounded, uniq_natasha
D:4:      layout_basic
D:5:      layout_rooms, serial_rivers, chequers_serial_rivers_micro_d,
          chequers_serial_rivers_micro_c, chequers_serial_rivers_marsh,
          chequers_serial_rivers_small_3, chequers_serial_rivers_micro_b,
          uniq_ijyb

Skill      XL: |  1  2  3  4  5  6  7 |
---------------+----------------------+-----
Axes           | 4 5 6 7 8 |  8.3
Fighting       | |  3.0
Armour         | |  2.0
Dodging        | |  2.0

Action                   |  1- 3 |  4- 6 |  7- 9 || total
-------------------------+-------+-------+-------++-------
Melee: Hand axe          |   108 |   158 |    45 ||   311
       Punch             |     3 |       |     2 ||     5
Invok: Berserk           |       |     4 |     1 ||     5
       Trog's Hand       |       |       |     1 ||     1
  Use: Scroll            |       |       |    13 ||    13
Armor: Chain mail        |    86 |    58 |    19 ||   163
       Animal skin       |     1 |       |       ||     1
Dodge: Dodged            |    44 |    49 |    14 ||   107

Table legend: (Time is in decaauts)
 A = Elapsed time spent in this place.
 B = Non-inter-level travel time spent in this place.
 C = Inter-level travel time spent in this place.
 D = Time resting spent in this place.
 E = Time spent auto-exploring this place.
 F = Levels seen in this place.
 G = Mean time per level.
                   A        B        C        D        E       F      G
               +--------+--------+--------+--------+--------+-----+--------+
         Total |   4491 |   4377 |    114 |    205 |   3363 |   5 |  898.2 |
       Dungeon |   4491 |   4377 |    114 |    205 |   3363 |   5 |  898.2 |
               +--------+--------+--------+--------+--------+-----+--------+

Top non-repeatable levels by time:
     D:3: 1592 daAuts
     D:2: 1123 daAuts
     D:1: 876 daAuts
     D:4: 843 daAuts
     D:5: 56 daAuts
